 Dungeon Crawl Stone Soup version 0.24.1 (webtiles) character file.

Game seed: 718408272505157289, levelgen mode: deterministic

3665 Fukker the Blocker (level 10, -7/56 HPs)
             Began as a Tengu Wanderer on Mar 27, 2020.
             Was an Initiate of Okawaru.
             Hit by a boomerang thrown by an orc warrior (9 damage)
             ... on level 7 of the Dungeon on Mar 28, 2020.
             The game lasted 00:21:06 (7191 turns).

Fukker the Blocker (Tengu Wanderer)                 Turns: 7191, Time: 00:21:06

Health: -7/56      AC:  5    Str: 14    XL:     10   Next: 12%
Magic:  0/14       EV: 10    Int: 15    God:    Okawaru [......]
Gold:   449        SH: 29    Dex: 13    Spells: 12/13 levels left

rFire    . . .     SeeInvis .   v - +0 short sword (venom)
rCold    + . .     Gourm    .   C - +18 shield of the Gong {rElec rN+ MR+ EV-5}
rNeg     + . .     Faith    .   G - +2 leather armour {MR+}
rPois    +         Spirit   +   (helmet restricted)
rElec    +         Reflect  .   m - scarf {Spirit}
rCorr    .         Harm     .   (no gloves)
MR       ++...                  (boots unavailable)
Stlth    ++........             (no amulet)
HPRegen  0.18/turn              x - ring of protection from cold
MPRegen  0.14/turn              A - ring of poison resistance

@: flying quickly and evasively, quick
A: beak, talons 3, able to fly
a: Stop Flying, Renounce Religion


You were on level 7 of the Dungeon.
You worshipped Okawaru.
Okawaru was noncommittal.
You were hungry.

You visited 2 branches of the dungeon, and saw 8 of its levels.

You collected 449 gold pieces.

Inventory:

Hand Weapons
 a - a +0 short sword
 d - a +0 dagger
 j - a +3 mace of crushing
 v - a +0 short sword of venom (weapon)
Missiles
 l - 275 stones (quivered)
 r - 95 bolts
Armour
 c - a +2 leather armour
 g - a +2 cloak
 h - a scarf of cloud immunity
 m - a scarf of spirit shield (worn)
 q - a +1 robe of the Archmagi
 C - the +18 shield of the Gong (worn) {rElec rN+ MR+ EV-5}
   (You found it on level 5 of the Dungeon)

   It affects your evasion (-5).
   It insulates you from electricity.
   It protects you from negative energy.
   It affects your resistance to hostile enchantments.
 G - a +2 leather armour of magic resistance (worn)
Magical Staves
 B - an uncursed staff of power
Jewellery
 x - a ring of protection from cold (left hand)
 A - a ring of poison resistance (right hand)
 D - an uncursed ring of protection from cold
Wands
 t - a wand of disintegration (1)
 u - a wand of enslavement (4)
 I - a wand of scattershot (4)
Scrolls
 b - 2 scrolls of remove curse
 e - a scroll of enchant armour
 i - 3 scrolls of identify
 k - a scroll of magic mapping
 n - 3 scrolls of enchant weapon
 o - a scroll of amnesia
 s - a scroll of fog
 y - 4 scrolls of teleportation
 z - a scroll of blinking {unknown}
 F - a scroll of fear {unknown}
 H - a scroll of random uselessness
Potions
 p - 2 potions of flight
 w - 7 potions of curing
 E - a potion of heal wounds
 J - a potion of ambrosia {unknown}
 K - a potion of agility {unknown}
Comestibles
 f - 10 rations


   Skills:
 - Level 4.0 Fighting
 - Level 6.8 Short Blades
 - Level 3.8 Maces & Flails
 - Level 0.3 Throwing
 - Level 3.6 Armour
 - Level 4.3 Dodging
 - Level 2.1 Stealth
 * Level 10.1 Shields
 - Level 2.0 Spellcasting
 - Level 0.9 Ice Magic
   Level 1.0 Poison Magic
 - Level 1.2 Evocations


You had 12 spell levels left.
You knew the following spells:

 Your Spells              Type           Power        Failure   Level  Hunger
a - Freeze                Ice            #...         34%         1    #......

Your spell library contained the following spells:

 Spells                   Type           Power        Failure   Level  Hunger
 Ozocubu's Armour         Chrm/Ice       #.......     78%         3    ###....


Dungeon Overview and Level Annotations

Branches:
Dungeon (7/15)             Temple (1/1) D:7

Altars:
Ashenzari
Kikubaaqudgha
Makhleb
Nemelex Xobeh
Okawaru
Qazlal
Vehumet
Wu Jian
Yredelemnul
Zin
The Shining One


Innate Abilities, Weirdness & Mutations

You have a beak for a mouth.
You have claws for feet.
You can fly continuously.


Message History

You block the orc warrior's attack.
GONNNNG!
You hear an angry squeal. x2
You hit the orc warrior.
The orc warrior looks as sick as possible!
Your kick misses the orc warrior.
The orc warrior is moderately wounded.
The orc warrior hits you with a +0 battleaxe!!
* * * LOW HITPOINT WARNING * * *
The orc warrior throws a boomerang.
The boomerang closely misses you.
The weapon returns to the orc warrior!
The orc warrior throws a boomerang.
GONNNNG!
You block the boomerang.
The weapon returns to the orc warrior!
The orc warrior throws a boomerang.
BOUMMMMG!
You block the boomerang.
The weapon returns to the orc warrior!
The orc warrior throws a boomerang.
The boomerang hits you!
* * * LOW HITPOINT WARNING * * *
The orc warrior throws a boomerang.
The boomerang hits you!
You die...

#....[.# #o# ### #.#
##.##########.###### #########
##...#..............# #........
#..........#.#.####>###.#######
##...#.###.#.#.####............
##.##.# #...............≈≈≈≈≈.
#.##.#####..@..##....≈≈≈≈≈≈≈≈
#.##...............≈≈≈≈≈≈≈≈≈≈
###.##########.###..≈≈≈≈≈≈≈≈≈≈≈
#.....# #.# ##.≈≈≈≈≈≈...≈≈
#.###.## #.# ##........>.≈≈
#.##...# ##'###..≈≈≈≈≈≈...≈≈
#.###.## ##...##...≈≈≈≈≈≈≈≈≈≈
#.....# ##...........≈≈≈≈≈≈≈≈
####..# ##.......#......≈≈≈≈≈.


You could see an orc warrior.

Vanquished Creatures
  A troll (D:7)
  Grinder (D:4)
  Sigmund (D:2)
  Eustachio (D:5)
  Edmund (D:5)
  Menkaure (D:5)
  Duvessa (D:4)
  2 orc warriors
  An ice beast (D:5)
  6 ogres
  A centaur (D:5)
  4 scorpions
  Dowan (D:4)
  3 howler monkeys
  2 vampire bats (D:5)
  4 crimson imps
  2 centaur zombies
  3 bullfrog skeletons
  3 centaur skeletons
  4 hounds
  An orc priest (D:7)
  5 iguanas
  4 orc wizards
  Jessica (D:3)
  2 worker ants
  A hound skeleton (D:5)
  2 worker ant zombies
  Robin (D:2)
  8 gnolls
  6 adders
  3 shadow imps
  2 oozes (D:4)
  An adder zombie (D:5)
  5 dart slugs
  6 leopard geckos
  18 orcs
  10 bats
  3 bat skeletons (D:5)
  2 bat zombies (D:5)
  8 giant cockroaches
  12 goblins
  11 hobgoblins
  10 jackals
  2 quokkas
  4 ball pythons
  5 frilled lizards
  6 kobolds
  2 quokka skeletons
  12 rats
  A plant (D:5)
197 creatures vanquished.

Vanquished Creatures (collateral kills)
  The ghost of Peloso the Shield-Bearer, an amateur MiFi (D:3)
  An orc wizard (D:7)
  2 orcs (D:7)
4 creatures vanquished.

Grand Total: 201 creatures vanquished

Notes
Turn   | Place    | Note
-------+----------+-------------------------------------------
     0 | D:1      | Fukker the Tengu Wanderer began the quest for the Orb.
     0 | D:1      | Fukker set off with the following items: a +0 short sword,
                  | a +2 leather armour, a +0 dagger, a ration; and the
                  | following spell memorised: Freeze; and the following spells
                  | available to memorise: Ozocubu's Armour
     0 | D:1      | Reached XP level 1. HP: 12/12 MP: 4/4
   146 | D:1      | Reached XP level 2. HP: 13/16 MP: 6/6
   684 | D:2      | Reached XP level 3. HP: 20/20 MP: 7/7
   694 | D:2      | You fall into a shaft and drop 2 floors!
   817 | D:2      | Noticed Sigmund
   828 | D:2      | Killed Sigmund
   828 | D:2      | Reached skill level 1 in Armour
   828 | D:2      | Reached XP level 4. HP: 18/26 MP: 2/8
   828 | D:2      | Gained mutation: You can fly continuously. [Tengu growth]
   828 | D:2      | Reached XP level 5. HP: 21/30 MP: 2/9
  1114 | D:2      | Noticed Robin
  1120 | D:2      | Reached XP level 6. HP: 29/35 MP: 8/10
  1152 | D:2      | Killed Robin
  1804 | D:3      | Noticed Jessica
  1808 | D:3      | Killed Jessica
  1880 | D:3      | Noticed Peloso's ghost (amateur MiFi)
  1881 | D:3      | Found a transporter.
  1883 | D:3      | Found a transporter.
  2340 | D:3      | Found a glowing golden altar of the Shining One.
  2645 | D:4      | Reached XP level 7. HP: 37/40 MP: 9/11
  2666 | D:4      | Reached skill level 5 in Short Blades
  3131 | D:4      | Found a basalt altar of Yredelemnul.
  3154 | D:4      | Found a sparkling altar of Nemelex Xobeh.
  3350 | D:4      | Noticed Dowan
  3353 | D:4      | Noticed Duvessa
  3371 | D:4      | Killed Dowan
  3371 | D:4      | Reached XP level 8. HP: 44/48 MP: 10/12
  3383 | D:4      | Killed Duvessa
  3393 | D:4      | Noticed Grinder
  3580 | D:4      | Found a shattered altar of Ashenzari.
  3596 | D:4      | Killed Grinder
  3632 | D:5      | Entered Level 5 of the Dungeon
  3800 | D:5      | Found the +18 shield of the Gong {rElec rN+ MR+ EV-5}
  3851 | D:5      | Found an ornate altar of the Wu Jian Council.
  3862 | D:5      | Noticed Menkaure
  4108 | D:5      | Reached skill level 2 in Shields
  4202 | D:5      | Killed Menkaure
  4202 | D:5      | Reached skill level 3 in Shields
  4315 | D:5      | Found an ancient bone altar of Kikubaaqudgha.
  4355 | D:5      | Reached skill level 4 in Shields
  4727 | D:5      | Found a stormy altar of Qazlal.
  4898 | D:5      | Reached XP level 9. HP: 46/52 MP: 10/13
  5009 | D:6      | Reached skill level 5 in Shields
  5058 | D:6      | Noticed Eustachio
  5152 | D:6      | Noticed Edmund
  5261 | D:5      | Killed Edmund
  5261 | D:5      | Reached skill level 6 in Shields
  5277 | D:5      | Killed Eustachio
  5346 | D:5      | Reached skill level 7 in Shields
  6149 | D:3      | Reached skill level 8 in Shields
  6154 | D:3      | Killed Peloso's ghost
  6400 | D:7      | Found a glowing silver altar of Zin.
  6456 | D:7      | Reached skill level 9 in Shields
  6699 | D:7      | Found a staircase to the Ecumenical Temple.
  6703 | D:7      | Noticed a troll
  6711 | Temple   | Entered the Ecumenical Temple
  6732 | Temple   | Became a worshipper of Warmaster Okawaru
  6780 | D:7      | Killed a troll
  6780 | D:7      | Reached XP level 10. HP: 21/56 MP: 5/14
  6925 | D:7      | Reached skill level 10 in Shields
  7089 | D:7      | Found a burning altar of Makhleb.
  7190 | D:7      | HP: 2/56 [orc warrior/boomerang (9)]
  7191 | D:7      | Hit by a boomerang thrown by an orc warrior

Levels and vault maps discovered:
D:1:      scummos_arrival_star, layout_basic
D:2:      layout_loops_corners, chequers_serial_rivers_micro_a,
          chequers_serial_rivers_micro_d, minmay_rat_gold_closets, uniq_robin,
          uniq_sigmund
D:3:      layout_loops_ring, tso_altar, gammafunk_ghost_smash, first_ration,
          uniq_jessica
D:4:      minmay_evil_eye, layout_basic, kennysheep_mini, lemuel_round_altar,
          kennysheep_mini_moat, uniq_grinder, uniq_duvessa
D:5:      layout_basic, lemuel_round_altar, nicolae_overflow_hidden_temple,
          kennysheep_vampire_church, serial_glass, glass_columns_a,
          glass_columns_a, st_stairs_13, saegor_snake_ambush, uniq_menkaure
D:6:      layout_basic, uniq_edmund, uniq_eustachio
D:7:      layout_loops_corners, zin_treasury, makhleb_grotto_becter,
          temple_pool_b, grunt_livestock, chequers_decorated_corner
Temple:   hc_temple_tempest_star

Skill      XL: |  1  2  3  4  5  6  7  8  9 10 |
---------------+-------------------------------+-----
Short Blades   | 3 4 5 6 |  6.8
Maces & Flails | 2 3 |  3.8
Armour         | 1 2 3 |  3.6
Dodging        | 2 3 4 |  4.3
Fighting       | 2 3 4 |  4.0
Shields        | 4 9 10 | 10.1
Throwing       | |  0.3
Stealth        | |  2.1
Spellcasting   | |  2.0
Ice Magic      | |  0.9
Poison Magic   | |  1.0
Evocations     | |  1.2

Action                   |  1- 3 |  4- 6 |  7- 9 | 10-12 || total
-------------------------+-------+-------+-------+-------++-------
Melee: Short sword       |    30 |    29 |   461 |    55 ||   575
       Kick              |    13 |    20 |   151 |    16 ||   200
       Peck              |     6 |    10 |    89 |    11 ||   116
       Mace              |    21 |   102 |     9 |       ||   132
Throw: Stone             |       |       |     7 |     2 ||     9
 Abil: Fly               |       |     1 |       |       ||     1
Evoke: Wand              |       |       |     8 |     2 ||    10
  Use: Potion            |     2 |       |     2 |       ||     4
       Scroll            |       |     5 |     7 |       ||    12
 Stab: Sleeping          |     5 |    10 |     3 |       ||    18
       Distracted        |       |       |     1 |       ||     1
  Eat: Chunk             |       |     5 |     6 |     1 ||    12
       Ration            |       |       |     2 |       ||     2
Armor: Leather armour    |    13 |    28 |    29 |     2 ||    72
Dodge: Dodged            |    26 |    93 |   122 |     2 ||   243
Block: Shield            |       |       |   345 |    35 ||   380
